Map: Ciudad Esmeralda EE

Players

MrFercho - Winner!

  • Race: Zerg Zerg
  • League: Gold
  • Spawn Location: 11:00

TATORREA - Winner!

  • Race: Protoss Protoss
  • League: Gold
  • Spawn Location: 11:00

Ragnarok

  • Race: Protoss Protoss
  • Spawn Location: 5:00

LiNx

  • Race: Terran Terran
  • Spawn Location: 5:00

VOD

Have the link to the VOD?

Description

Time

  • Played on: July 25, 2020, 10:11 p.m.
  • Length: 12:10
Show
View Real Time Build Order
Export as new Build Order

MrFercho Zerg - Winner!

Build Orders: Pool First 

Get SALT Encoding   

  12  0:01  Drone  
  13  0:15  Overlord  
  13  0:17  Drone  
  14  0:33  Drone x2  
  16  1:04  Drone x2  
  18  1:05  Spawning Pool  
  17  1:21  Drone x2  
  17  1:25  Extractor  
  18  1:33  Hatchery  
  18  1:34  Drone  
  18  1:38  Drone  
  19  1:51  Overlord  
  19  1:58  Queen  
  19  2:00  Zergling x2  
  22  2:09  Drone  
  23  2:23  Zergling x2  
  24  2:33  Metabolic Boost  
  24  2:35  Drone  
  25  2:44  Queen  
  25  2:46  Drone x2  
  29  2:53  Drone  
  30  3:00  Drone  
  30  3:05  Lair  
  31  3:06  Drone  
  31  3:09  Overlord x2  
  32  3:21  Drone x4  
  36  3:44  Zergling x4, Drone x3  
  36  3:45  Drone  
  36  3:47  Extractor  
  41  3:49  Extractor  
  41  3:51  Queen, Baneling Nest  
  41  3:55  Zergling x4  
  43  4:04  Drone x2  
  45  4:19  Overseer  
  45  4:27  Drone x3, Pneumatized Carapace  
  45  4:28  Drone x2  
  45  4:29  Drone  
  45  4:30  Drone  
  52  4:31  Overlord x3  
  52  4:39  Baneling  
  52  4:40  Baneling  
  52  4:43  Hatchery  
  52  4:45  Extractor  
  50  4:47  Extractor  
  49  4:59  Hydralisk Den  
  48  5:01  Evolution Chamber x2  
  48  5:03  Extractor, Drone x3  
  48  5:04  Drone  
  48  5:05  Drone  
  48  5:06  Drone x2  
  52  5:09  Queen  
  54  5:23  Overseer  
  54  5:24  Overseer  
  54  5:46  Muscular Augments, Hydralisk x3  
  60  5:50  Spore Crawler  
  60  5:53  Spore Crawler  
  60  5:56  Spore Crawler  
  57  5:57  Spore Crawler  
  56  6:06  Zerg Missile Weapons Level 1  
  56  6:08  Zerg Ground Armor Level 1  
  56  6:34  Drone x2  
  56  6:37  Overlord x3  
  56  6:39  Drone  
  63  6:40  Drone x13  
  72  6:57  Grooved Spines  
  72  7:11  Hydralisk x4  
  72  7:12  Hydralisk x5  
  88  7:54  Hydralisk x5  
  88  7:55  Hydralisk x4  
  88  7:57  Overlord  
  88  7:58  Overlord x3  
  106  8:13  Overlord x4  
  106  8:16  Queen  
  108  8:31  Overlord  
  108  8:32  Overlord, Hydralisk x4  
  108  8:33  Hydralisk x5  
  126  8:49  Overseer x2  
  126  8:59  Drone x3  
  126  9:00  Drone  
  126  9:01  Drone x3  
  126  9:02  Drone x2  
  130  9:33  Spore Crawler  
  130  9:34  Spore Crawler  
  130  9:35  Drone x3, Spore Crawler  
  130  9:36  Drone  
  127  9:58  Hatchery, Hydralisk x11  
  127  9:59  Hydralisk x2  
  152  10:01  Overlord x2  
  152  10:10  Lurker Den  
  151  10:16  Infestation Pit  
  150  10:39  Queen  
  146  10:57  Hive  
  141  10:58  Overseer x2  
  141  11:01  Hydralisk x8  
  141  11:02  Hydralisk x4  
  135  11:28  Hydralisk x4  
  135  11:29  Hydralisk x6  
  148  11:41  Hydralisk x4  
Show
View Real Time Build Order
Export as new Build Order

TATORREA Protoss - Winner!

Build Orders:  

Get SALT Encoding   

  12  0:01  Probe  
  13  0:13  Probe  
  14  0:24  Pylon  
  14  0:25  Probe  
  15  0:42  Probe  
  16  0:48  Gateway  
  16  0:54  Probe  
  17  1:06  Probe  
  18  1:17  Probe  
  19  1:25  Probe  
  20  1:33  Probe  
  20  1:38  Zealot  
  23  1:40  Assimilator  
  23  1:41  Pylon  
  23  2:24  Assimilator  
  23  2:28  Zealot  
  25  2:37  Nexus  
  25  2:40  Pylon  
  25  2:43  Cybernetics Core  
  25  2:47  Probe  
  25  3:20  Warp Gate  
  25  3:31  Probe  
  25  3:39  Probe  
  25  3:41  Stalker  
  29  3:53  Gateway  
  29  3:54  Gateway  
  29  3:56  Robotics Facility  
  29  3:59  Pylon  
  29  4:03  Pylon  
  29  4:07  Probe x2  
  31  4:14  Twilight Council  
  31  4:19  Stalker, Probe x2  
  35  4:30  Probe  
  36  4:31  Probe  
  36  4:37  Stargate  
  37  4:38  Probe  
  37  4:43  Probe  
  39  4:46  Probe  
  39  4:52  Immortal  
  44  4:55  Probe  
  44  4:59  Assimilator  
  45  5:00  Assimilator  
  45  5:03  Probe  
  46  5:07  Probe  
  47  5:16  Probe  
  47  5:19  Blink  
  47  5:20  Probe  
  49  5:28  Probe  
  50  5:32  Probe, Observer  
  52  5:38  Stalker  
  52  5:40  Probe  
  52  5:41  Stalker  
  57  5:44  Probe  
  57  5:45  Stalker  
  60  5:55  Probe  
  60  5:56  Probe  
  62  5:58  Shield Battery  
  62  6:00  Shield Battery  
  59  6:10  Stalker x3  
  56  6:30  Pylon  
  52  6:44  Phoenix  
  54  6:53  Fleet Beacon  
  54  6:54  Probe x2  
  55  7:00  Stalker  
  58  7:02  Stalker  
  58  7:06  Probe x2  
  60  7:09  Phoenix  
  62  7:23  Stalker  
  64  7:30  Probe x2  
  64  7:34  Phoenix  
  68  7:41  Anion Pulse-Crystals  
  68  7:42  Probe  
  69  8:08  Pylon  
  69  8:13  Pylon  
  69  8:16  Tempest  
  69  8:19  Pylon  
  69  8:23  Pylon  
  69  8:26  Cybernetics Core  
  74  8:32  Stalker  
  74  8:33  Stalker x2  
  80  8:58  Tempest  
  85  9:04  Probe x2  
  87  9:11  Pylon  
  87  9:13  Pylon, Nexus  
  87  9:14  Stalker  
  87  9:15  Stalker x2  
  93  9:26  Gateway  
  93  9:27  Gateway  
  93  9:28  Stargate x2  
  87  9:57  Stalker x3  
  93  10:06  Tempest  
  98  10:14  Probe x2  
  98  10:21  Tempest, Carrier  
  106  10:26  Probe x2  
  113  10:29  Assimilator  
  113  10:36  Assimilator  
  113  10:44  Zealot  
  113  10:45  Zealot x4  
  123  11:02  Probe x2  
  125  11:14  Probe  
  125  11:15  Probe  
  127  11:22  Probe  
  127  11:24  Nexus  
  128  11:26  Stalker, Probe  
  128  11:27  Pylon, Probe  
  128  11:29  Pylon  
  128  11:31  Pylon  
  132  11:34  Probe  
  132  11:35  Pylon  
  132  11:39  Probe  
  123  11:58  Stalker x5  
Show
View Real Time Build Order
Export as new Build Order

Ragnarok Protoss 

Build Orders:  

Get SALT Encoding   

  12  0:01  Probe  
  13  0:13  Pylon  
  13  0:18  Probe  
  14  0:33  Probe  
  15  0:37  Forge  
  15  0:56  Pylon  
  15  1:05  Pylon  
  14  1:28  Assimilator  
  14  1:32  Gateway  
  14  1:33  Assimilator, Probe  
  15  1:51  Probe  
  16  2:03  Probe  
  18  2:15  Probe  
  18  2:19  Cybernetics Core  
  18  2:57  Probe  
  19  3:08  Probe  
  19  3:10  Stargate  
  19  3:16  Probe  
  18  3:26  Probe  
  20  3:38  Probe  
  21  3:41  Pylon  
  21  3:49  Void Ray, Pylon  
  21  3:50  Probe  
  22  4:00  Stargate  
  27  4:02  Probe  
  27  4:03  Photon Cannon  
  27  4:14  Probe  
  27  4:16  Photon Cannon  
  28  4:22  Void Ray  
  28  4:36  Photon Cannon  
  28  4:38  Void Ray  
  36  5:08  Pylon  
  36  5:20  Nexus  
  36  5:23  Void Ray  
  36  5:24  Pylon  
  40  6:07  Void Ray x2  
  44  6:39  Probe  
  44  6:40  Void Ray, Probe  
  46  6:47  Probe  
  46  6:48  Probe  
  52  6:57  Probe x2  
  50  7:17  Void Ray  
  54  7:23  Void Ray  
  54  7:24  Probe x2  
  60  7:36  Probe x2  
  62  7:46  Assimilator  
  62  7:49  Assimilator  
  62  7:56  Fleet Beacon  
  62  8:29  Phoenix x2  
  66  8:54  Phoenix x2  
  54  9:41  Carrier x2  
  50  9:56  Probe  
  50  9:58  Probe  
  48  10:00  Mothership  
  48  10:08  Probe  
  57  10:20  Probe  
  58  10:24  Cybernetics Core  
  58  10:40  Nexus  
  58  10:43  Assimilator  
  58  10:45  Carrier  
  58  10:48  Assimilator  
  58  10:50  Pylon  
Show
View Real Time Build Order
Export as new Build Order

LiNx Terran 

Build Orders: Mech 

Get SALT Encoding   

  12  0:01  SCV  
  13  0:17  Supply Depot  
  13  0:18  SCV  
  14  0:31  SCV  
  15  0:40  Barracks  
  15  0:43  SCV  
  16  0:53  Engineering Bay  
  16  0:55  SCV  
  17  1:02  Refinery  
  17  1:08  SCV  
  18  1:20  SCV  
  19  1:35  SCV  
  19  1:38  Barracks  
  20  1:47  Bunker, SCV  
  21  2:09  Barracks Reactor, Refinery  
  21  2:20  Command Center  
  21  2:23  SCV  
  21  2:29  Barracks Tech Lab  
  22  2:35  SCV  
  23  2:50  Supply Depot  
  23  3:08  Factory  
  23  3:11  Marauder, Marine x2, SCV  
  28  3:19  Missile Turret  
  28  3:23  SCV  
  29  3:35  SCV  
  29  3:40  Missile Turret  
  30  3:48  SCV  
  31  3:52  Armory  
  31  3:56  Factory  
  31  4:00  SCV  
  31  4:02  Orbital Command  
  32  4:12  SCV  
  32  4:13  Marine  
  32  4:14  Marine  
  35  4:18  Marauder  
  37  4:41  SCV x2  
  37  4:45  Factory Tech Lab  
  39  4:48  Factory Tech Lab  
  39  4:51  Factory  
  39  4:53  SCV  
  39  4:59  Starport  
  40  5:00  Starport  
  40  5:03  Terran Vehicle Weapons Level 1  
  40  5:26  Marine x2  
  40  5:28  Marine  
  43  5:36  Supply Depot  
  43  5:44  Marine  
  43  5:46  SCV x2  
  46  5:58  Marauder, SCV  
  46  6:00  Supply Depot, Refinery  
  49  6:10  Supply Depot  
  49  6:14  Starport Reactor x2  
  49  6:19  Marauder  
  49  6:21  Thor  
  57  6:26  Siege Tank  
  60  6:33  Supply Depot  
  60  6:34  SCV  
  61  6:40  Marauder, SCV  
  61  6:46  SCV  
  65  6:47  Missile Turret  
  65  6:52  SCV  
  66  6:57  Viking, Terran Vehicle And Ship Armor Level 1  
  66  6:58  SCV  
  66  6:59  Viking  
  71  7:09  Missile Turret  
  71  7:31  Supply Depot  
  71  7:33  Command Center  
  71  7:35  SCV x2  
  73  7:37  Viking x2  
  77  7:52  Viking  
  79  8:06  Thor  
  85  8:19  Refinery, SCV  
  86  8:35  Engineering Bay  
  86  8:45  SCV x2  
  86  8:46  Supply Depot  
  88  8:56  Viking x2  
  88  8:57  Viking x2, SCV x2  
  98  9:09  SCV  
  99  9:12  SCV x2  
  101  9:20  Thor  
  101  9:21  SCV  
  108  9:24  SCV  
  108  9:25  SCV  
  108  9:27  Viking  
  106  9:42  SCV x2  
  106  9:43  SCV  
  109  10:02  Supply Depot  
  109  10:22  Supply Depot  
  109  10:23  Thor  
  109  10:24  Supply Depot, SCV x2  
  109  10:26  Supply Depot  
  117  10:41  Supply Depot  
  117  10:44  SCV x2  
  117  10:45  Supply Depot  
  111  10:50  Supply Depot  
  81  11:05  Marine x3, Factory  
  81  11:07  Supply Depot  
  75  11:12  Supply Depot  
  68  11:23  Marine x3  
  68  11:26  Viking x4  
  59  11:41  Marine x3  
Tags
 
Add a new tag
Caveats
  • Supply blocks, unpowered buildings, or Contaminate may cause inaccurate times.
  • Supply counts are checked every 10 seconds.